 Dungeon Crawl Stone Soup version 0.29-a0-231-g945431f764 (webtiles) character file.

Game seed: 5067940165561372666

1 avis the Skirmisher (level 1, 0/20 HPs)
             Began as a Hill Orc Monk on Mar 1, 2022.
             Slain by a gnoll
             ... wielding a +0 whip
              (8 damage)
             ... on level 1 of the Dungeon.
             The game lasted 00:00:51 (444 turns).

avis the Skirmisher (Hill Orc Monk)                  Turns: 444, Time: 00:00:52

Health: 0/20       AC:  4    Str: 13    XL:     1   Next: 20%
Magic:  1/1        EV: 12    Int: 10    God:
Gold:   15         SH:  0    Dex: 13    Spells: 0/0 levels left

rFire   + . .      SeeInvis .   a - +0 mace
rCold   . . .      Faith    .   (no shield)
rNeg    . . .      Spirit   .   d - +1 leather armour {rF+}
rPois   .          Reflect  .   (no helmet)
rElec   .          Harm     .   (no cloak)
rCorr   .          Rampage  .   (no gloves)
Will    .....                   (no boots)
Stlth   ++........              (no amulet)
HPRegen 0.06/turn               (no ring)
MPRegen 0.07/turn               (no ring)

@: no status effects
A: no striking features
a: no special abilities


You were on level 1 of the Dungeon.
You visited 1 branch of the dungeon, and saw 1 of its levels.

You collected 15 gold pieces.

Inventory:

Hand Weapons
 a - a +0 mace (weapon)
Armour
 b - a +0 robe
 d - a +1 leather armour of fire resistance (worn)
Scrolls
 c - a scroll of magic mapping {unknown}


   Skills:
 * Level 3.7 Fighting
 - Level 3.2 Maces & Flails
 - Level 2.4 Dodging
 - Level 1.5 Stealth


You couldn't memorise any spells.
You didn't know any spells.
Your spell library was empty.

Dungeon Overview and Level Annotations

Branches:
Dungeon (1/15)

Altars:


Message History

You see here a +1 leather armour of fire resistance.
d - a +1 leather armour of fire resistance You start removing your armour.
You continue taking off your +0 robe. x4
You finish taking off your +0 robe.
You start putting on your armour.
You continue putting on your +1 leather armour of fire resistance. x5
You finish putting on your +1 leather armour of fire resistance.
You feel resistant to fire.
You open the door.
There is an open door here.
You open the door.
There is an open door here.
You enter the shallow water.
Moving in this stuff is going to be slow.
Found a stone staircase leading down.
A goblin comes into view. It is wielding a +0 club.
A gnoll comes into view. It is wielding a +0 whip.
The gnoll shouts!
A bat comes into view.
Found a spear.
The bat completely misses you. The bat hits you but does no damage.
You miss the bat. The bat closely misses you.
The goblin shouts!
You hit the bat.
The bat is moderately wounded.
You hear an angry hiss.
The bat barely misses you. The bat hits you. The bat barely misses you.
The bat hits you but does no damage. The gnoll hits you with a +0 whip.
You hit the gnoll but do no damage. The gnoll hits you with a +0 whip.
You hit the gnoll.
The gnoll is lightly wounded.
The gnoll hits you with a +0 whip.
You hit the gnoll.
The gnoll is moderately wounded.
The gnoll hits you with a +0 whip.
You barely miss the gnoll.
The gnoll is moderately wounded.
The gnoll hits you with a +0 whip!
You die...

...............
.....>....)....
#............. #......#
.####...##
........g######
########b#....#
######g#....#
#.....@#....### #
#.####......... .. #.#
########## #. #.#
♣♣♣♣≈≈≈≈♣♣♣ ######.
#.#♣♣≈≈≈≈.8≈≈≈♣♣#...##.
##.≈≈≈≈≈8.≈.≈≈≈≈.##....
####≈≈≈≈≈≈8≈≈≈≈♣♣♣#....
#..####.≈≈≈≈....♣♣#....
#...'.#...####...♣#....


You could see a gnoll, a goblin and a bat.

Vanquished Creatures
  A ball python (D:1)
1 creature vanquished.

Notes
Turn   | Place    | Note
-------+----------+-------------------------------------------
     0 | D:1      | avis the Hill Orc Monk began the quest for the Orb.
     0 | D:1      | Reached XP level 1. HP: 19/19 MP: 1/1
   444 | D:1      | Slain by a gnoll

Illustrated notes

Levels and vault maps discovered:
D:1:      sevenhm_arrival_forest_fort_small_5, layout_basic, roderic_lattice_a

Action                   || total
-------------------------++-------
Melee: Mace              ||    11
 Stab: Sleeping          ||     1
Armor: Leather armour    ||     2
       Robe              ||     1
Dodge: Dodged            ||     6

Table legend: (Time is in decaauts)
 A = Elapsed time spent in this place.
 B = Non-inter-level travel time spent in this place.
 C = Inter-level travel time spent in this place.
 D = Time resting spent in this place.
 E = Time spent auto-exploring this place.
 F = Levels seen in this place.
 G = Mean time per level.
                   A        B        C        D        E       F      G
               +--------+--------+--------+--------+--------+-----+--------+
         Total |    453 |    453 |      0 |    165 |    231 |   1 |  453.0 |
       Dungeon |    453 |    453 |      0 |    165 |    231 |   1 |  453.0 |
               +--------+--------+--------+--------+--------+-----+--------+

Top non-repeatable levels by time:
     D:1: 453 daAuts
